 Dungeon Crawl Stone Soup version 0.20.0-15-g7f486f2 (webtiles) character file.

89 ratzo the Ruffian (level 4, -2/45 HPs)
             Began as a Troll Chaos Knight on June 24, 2017.
             Slain by a gnoll
             ... wielding a +1 flail of protection
              (8 damage)
             ... on level 2 of the Dungeon.
             The game lasted 00:11:29 (1491 turns).

ratzo the Ruffian (Troll Chaos Knight)              Turns: 1491, Time: 00:11:30

Health: -2/45      AC:  7    Str: 21    XL:     4   Next: 31%
Magic:  3/3        EV: 10    Int:  8    God:    Xom [....*.]
Gold:   94         SH:  0    Dex:  9    Spells: 3/3 levels left

rFire    . . .     SeeInvis .     - Unarmed
rCold    . . .     Gourm    +   (no shield)
rNeg     . . .     Faith    .   a - +2 robe
rPois    .         Spirit   .   (helmet restricted)
rElec    .         Reflect  .   (no cloak)
rCorr    .         Harm     .   (gloves unavailable)
MR       .....                  (boots unavailable)
Stlth    +.........             (no amulet)
Regen    0.6/turn               (no ring)
MPRegen  0.1/turn               (no ring)

@: no status effects
A: unfitting armour, claws 3, fast metabolism 3, gourmand, regeneration 1,
shaggy fur 1, tough skin 2
a: Renounce Religion


You were on level 2 of the Dungeon.
You worshipped Xom.
You were a beloved toy of Xom.
You were not hungry.

You visited 1 branch of the dungeon, and saw 3 of its levels.

You collected 94 gold pieces.

Inventory:

Armour
 a - a +2 robe (worn)
 j - a +0 leather armour
Jewellery
 b - an uncursed amulet of magic regeneration {unknown}
 d - an uncursed amulet of guardian spirit {unknown}
 k - an uncursed ring of protection from magic {unknown}
Wands
 n - a wand of iceblast (12/15)
Scrolls
 c - a scroll of teleportation {unknown}
 e - a scroll of recharging {unknown}
 i - a scroll of remove curse {unknown}
 l - 2 scrolls of identify {unknown}
 m - a scroll of enchant weapon {unknown}
Potions
 g - a potion of magic {unknown}
 h - a potion of cancellation {unknown}
Comestibles
 f - a royal jelly


   Skills:
 + Level 3.0 Fighting
 + Level 2.6 Dodging
 + Level 0.2 Stealth
 + Level 4.0 Unarmed Combat


You had 3 spell levels left.
You didn't know any spells.

Dungeon Overview and Level Annotations

Branches:
Dungeon (3/15)

Altars:


Innate Abilities, Weirdness & Mutations

You are too large for most types of armour.
You have claws for hands.
Your metabolism is lightning-fast.
You like to eat raw meat.
Your natural rate of healing is unusually fast.
You are covered in fur. (AC +1)
You have very tough skin. (AC +2)


Message History

The hobgoblin shouts!
There is a stone staircase leading up here.
The gnoll hits you with a flail of protection!
* * * LOW HITPOINT WARNING * * *
You climb upwards.
There is a stone staircase leading down here.
You barely miss the hobgoblin.
The hobgoblin hits you but does no damage.
The gnoll hits you but does no damage.
You scratch the hobgoblin but do no damage.
The hobgoblin hits you but does no damage.
The gnoll hits you with a flail of protection.
* * * LOW HITPOINT WARNING * * *
You closely miss the hobgoblin.
The hobgoblin hits you but does no damage.
The gnoll closely misses you.
You closely miss the hobgoblin. The hobgoblin barely misses you.
You barely miss the hobgoblin.
The gnoll hits you with a flail of protection!
You die...

####################.
#....................
######'##################.
#...........# #.
#...........# #.
#.....††....# #.
######'########## #.
#.######...#########.
#####.#g@g.'...........†.
#........###.............
#.###.#..# ###.##########
#.....#..# #.# #
#######..#####.##########
#................##
#######.##.....#...
#.##.....#...
#............


You could see a gnoll and a hobgoblin.

Vanquished Creatures
  A gnoll (D:3)
  2 adders (D:2)
  3 worms (D:2)
  A giant cockroach (D:2)
  2 goblins
  6 hobgoblins
  14 jackals
  8 kobolds
  A quokka (D:2)
  4 bats
  3 frilled lizards
  4 rats
49 creatures vanquished.

Notes
Turn   | Place    | Note
-------+----------+-------------------------------------------
     0 | D:1      | ratzo the Troll Chaos Knight began the quest for the Orb.
     0 | D:1      | Reached XP level 1. HP: 22/22 MP: 0/0
    47 | D:1      | XOM: potion effect (brilliance)
    51 | D:1      | XOM: potion effect (agility)
    59 | D:1      | Reached XP level 2. HP: 27/29 MP: 1/1
   585 | D:2      | Reached XP level 3. HP: 36/36 MP: 2/2
   848 | D:2      | Found a faded altar of an unknown god.
   923 | D:2      | XOM: smoke on damage
   930 | D:2      | Reached XP level 4. HP: 42/45 MP: 3/3
  1308 | D:2      | XOM: harmless Tmut miscast
  1477 | D:3      | Reached skill level 4 in Unarmed Combat
  1491 | D:2      | Slain by a gnoll

Skill      XL: |  1  2  3  4 |
---------------+-------------+-----
Dodging        | 2 |  2.6
Fighting       | 3 |  3.0
Unarmed Combat | 4 |  4.0
Stealth        | |  0.2

Action                   |  1- 3 |  4- 6 || total
-------------------------+-------+-------++-------
Melee: Unarmed           |   131 |    28 ||   159
       Punch             |       |     1 ||     1
  Eat: Bread ration      |     2 |       ||     2
       Royal jelly       |       |     1 ||     1
Armor: Robe              |    63 |    13 ||    76
Dodge: Dodged            |    75 |    15 ||    90
